 Dungeon Crawl Stone Soup version 0.27-a0-1065-ge809cff456 (webtiles) character file.

Game seed: 13520858001202966137

627 snetch the Chopper (level 7, -5/61 HPs)
             Began as a Hill Orc Fighter on Apr 23, 2021.
             Killed from afar by a steam dragon (18 damage)
             ... with a ball of steam
             ... on level 6 of the Dungeon.
             The game lasted 00:10:19 (4631 turns).

snetch the Chopper (Hill Orc Fighter)               Turns: 4631, Time: 00:10:19

Health: -5/61      AC:  9    Str: 21    XL:     7   Next: 47%
Magic:  7/7        EV:  8    Int:  8    God:
Gold:   111        SH:  9    Dex: 10    Spells: 6/6 levels left

rFire    . . .     SeeInvis .   a - +0 war axe
rCold    . . .     Faith    .   c - +0 kite shield
rNeg     . . .     Spirit   .   b - +0 scale mail
rPois    .         Reflect  .   (no helmet)
rElec    .         Harm     .   x - +0 cloak
rCorr    +         Rampage  .   (no gloves)
Will     .....                  h - +0 pair of boots
Stlth    ..........             (no amulet)
HPRegen  0.20/turn              o - ring of resist corrosion
MPRegen  0.10/turn              (no ring)

@: no status effects
A: no striking features
a: no special abilities


You were on level 6 of the Dungeon.
You visited 1 branch of the dungeon, and saw 6 of its levels.

You collected 111 gold pieces.

Inventory:

Hand Weapons
 a - a +0 war axe (weapon)
Missiles
 i - 122 stones
 j - 12 boomerangs
 n - 23 sling bullets
 s - 18 poisoned darts (quivered)
 u - 19 arrows
Armour
 b - a +0 scale mail (worn)
 c - a +0 kite shield (worn)
 h - a +0 pair of boots (worn)
 l - a +0 ring mail of positive energy
 x - a +0 cloak (worn)
Jewellery
 o - a ring of resist corrosion (left hand)
Scrolls
 e - 2 scrolls of teleportation {unknown}
 g - 2 scrolls of immolation {unknown}
 k - a scroll of vulnerability {unknown}
 p - 2 scrolls of identify {unknown}
 r - a scroll of amnesia {unknown}
 v - a scroll of enchant armour {unknown}
 w - a scroll of enchant weapon {unknown}
Potions
 d - a potion of might
 f - a potion of flight {unknown}
 m - a potion of haste {unknown}
 q - a potion of lignification {unknown}
 t - a potion of attraction {unknown}


   Skills:
 + Level 5.0 Fighting
 + Level 7.1 Axes
 + Level 0.4 Throwing
 + Level 5.4 Armour
 + Level 1.1 Dodging
 + Level 4.5 Shields


You had 6 spell levels left.
You didn't know any spells.
Your spell library contained the following spells:

 Spells                   Type           Power      Damage    Failure   Level
 Corona                   Hex            0%         N/A       99%         1
 Ensorcelled Hibernation  Hex/Ice        0%         N/A       100%        2
 Confusing Touch          Hex            0%         N/A       100%        3
 Dazzling Flash           Conj/Hex       0%         N/A       100%        3
 Tukima's Dance           Hex            0%         N/A       100%        3


Dungeon Overview and Level Annotations

Branches:
Dungeon (6/15)
 Temple: D:4-7

Altars:
Qazlal
Vehumet
Xom

Annotations:
D:2 Sigmund


Message History

The orc shouts!
You block the orc's attack.
You closely miss the orc.
A steam dragon comes into view.
The orc barely misses you.
The steam dragon hisses angrily.
You hit the orc but do no damage. The steam dragon breathes steam at you.
The ball of steam hits the orc!
The orc dies!
The ball of steam hits you!
There is a stone staircase leading up here.
You slash the steam dragon!
The steam dragon is heavily wounded.
The steam dragon breathes steam at you. The ball of steam hits you!
The steam dragon bites you.
The steam dragon claws you but does no damage.
You slash the steam dragon!
The steam dragon is severely wounded.
You are engulfed in a cloud of scalding steam.
The steam dragon bites you.
The steam dragon claws you but does no damage.
The steam dragon bites you but does no damage.
You block the steam dragon's attack.
You barely miss the steam dragon.
The steam dragon is severely wounded.
You are engulfed in a cloud of scalding steam.
You block the steam dragon's attack. The steam dragon claws you.
* * * LOW HITPOINT WARNING * * *
You slash the steam dragon!
The steam dragon is almost dead.
The steam dragon bites you.
* * * LOW HITPOINT WARNING * * *
The steam dragon claws you but does no damage.
You block the steam dragon's attack. x2
You barely miss the steam dragon.
The steam dragon is almost dead.
The steam dragon breathes steam at you. The ball of steam hits you!!
You die...

##D# ####....#
###..).#
##########...####
#........§.###
#......§.D##
#.......<@#
#........##
#............
#........###..
##########


You could see a steam dragon (catching breath).

Vanquished Creatures
  An ogre (D:4)
  A scorpion (D:4)
  A wyvern skeleton (D:6)
  A jelly (D:5)
  A gnoll shaman (D:4)
  A bullfrog skeleton (D:5)
  3 iguanas
  Natasha (thrice) (D:3)
  2 orc wizards
  5 gnolls (D:4)
  An adder (D:3)
  A worm (D:3)
  2 dart slugs (D:3)
  13 orcs
  3 bats (D:1)
  3 endoplasms
  2 giant cockroaches
  5 goblins
  8 hobgoblins
  4 jackals (D:3)
  A quokka (D:1)
  4 ball pythons
  5 frilled lizards
  7 kobolds
  2 kobold zombies (D:5)
  6 rats
  5 bushes (D:1)
91 creatures vanquished.

Vanquished Creatures (others)
  An orc (D:6)
  2 plants (D:1)
3 creatures vanquished.

Grand Total: 94 creatures vanquished

Notes
Turn   | Place    | Note
-------+----------+-------------------------------------------
     0 | D:1      | snetch the Hill Orc Fighter began the quest for the Orb.
     0 | D:1      | Reached XP level 1. HP: 19/19 MP: 1/1
   254 | D:1      | Reached XP level 2. HP: 26/27 MP: 2/2
   296 | D:2      | Noticed Sigmund
   538 | D:1      | Reached skill level 3 in Axes
  1538 | D:2      | Reached XP level 3. HP: 33/33 MP: 3/3
  1572 | D:2      | Reached skill level 4 in Axes
  1572 | D:2      | Reached XP level 4. HP: 28/40 MP: 4/4
  1952 | D:3      | Found a shimmering altar of Xom.
  2248 | D:3      | Noticed Natasha
  2257 | D:3      | Killed Natasha
  2258 | D:3      | Reached XP level 5. HP: 47/47 MP: 5/5
  2406 | D:3      | Noticed Natasha
  2414 | D:3      | Killed Natasha
  2415 | D:3      | Reached skill level 5 in Axes
  2506 | D:3      | Noticed Natasha
  2513 | D:3      | Killed Natasha
  2658 | D:5      | Entered Level 5 of the Dungeon
  2870 | D:5      | Found a radiant altar of Vehumet.
  2928 | D:4      | Reached XP level 6. HP: 28/53 MP: 6/6
  3417 | D:4      | Reached skill level 6 in Axes
  3817 | D:4      | Found a stormy altar of Qazlal.
  4007 | D:4      | Reached skill level 5 in Armour
  4007 | D:4      | Reached skill level 1 in Dodging
  4007 | D:4      | Reached XP level 7. HP: 43/60 MP: 7/7
  4608 | D:6      | Reached skill level 5 in Fighting
  4608 | D:6      | Reached skill level 7 in Axes
  4616 | D:6      | Noticed a steam dragon
  4631 | D:6      | Killed from afar by a steam dragon

Illustrated notes

Levels and vault maps discovered:
D:1:      eino_arrival_cavern_a, layout_rooms, serial_forest,
          infiniplex_forest_lined_corner, infiniplex_forest_straight_5,
          infiniplex_forest_straight_4, infiniplex_forest_clump_small,
          infiniplex_forest_clump_small, infiniplex_forest_end_3,
          infiniplex_forest_fountain, infiniplex_forest_clump_small,
          infiniplex_forest_end_1
D:2:      layout_basic, chequers_ecumenical_altar_twisty, uniq_sigmund
D:3:      layout_rooms, lemuel_doored_altar, uniq_natasha
D:4:      layout_basic, kennysheep_mini_moat, small_statue_intersection
D:5:      layout_loops_ring, nicolae_overflow_crystal_walls,
          chequers_serial_rivers_micro_e, dk_noncrumbling_4,
          kennysheep_decorative_pillar, minmay_mini_ossuary
D:6:      layout_rooms, tgw_trog, portal_sewer_entry_b, serial_park_tiny_1,
          uniq_eustachio

Skill      XL: |  1  2  3  4  5  6  7 |
---------------+----------------------+-----
Fighting       | 4 5 |  5.0
Axes           | 3 4 5 6 7 |  7.1
Shields        | 4 |  4.5
Armour         | 4 5 |  5.4
Dodging        | 1 |  1.1
Throwing       | |  0.4

Action                   |  1- 3 |  4- 6 |  7- 9 || total
-------------------------+-------+-------+-------++-------
Melee: War axe           |   287 |   137 |    44 ||   468
Throw: Dart              |       |     7 |       ||     7
Armor: Scale mail        |    55 |    61 |    16 ||   132
Dodge: Dodged            |    30 |    44 |    15 ||    89
Block: Kite shield       |    59 |    70 |    22 ||   151

Table legend: (Time is in decaauts)
 A = Elapsed time spent in this place.
 B = Non-inter-level travel time spent in this place.
 C = Inter-level travel time spent in this place.
 D = Time resting spent in this place.
 E = Time spent auto-exploring this place.
 F = Levels seen in this place.
 G = Mean time per level.
                   A        B        C        D        E       F      G
               +--------+--------+--------+--------+--------+-----+--------+
         Total |   4900 |   4717 |    183 |    539 |   2550 |   6 |  816.7 |
       Dungeon |   4900 |   4717 |    183 |    539 |   2550 |   6 |  816.7 |
               +--------+--------+--------+--------+--------+-----+--------+

Top non-repeatable levels by time:
     D:1: 1632 daAuts
     D:4: 1542 daAuts
     D:3: 903 daAuts
     D:5: 594 daAuts
     D:2: 188 daAuts
     D:6: 38 daAuts
